 Dungeon Crawl Stone Soup version 0.20.1-1-g8b1a95d (webtiles) character file.

28039 Gremour the Carver (level 13, -3/80 HPs)
             Began as a Gargoyle Fighter on Nov 20, 2017.
             Was a High Priest of Qazlal.
             Slain by Rupert
             ... wielding a +2 great mace of crushing
              (14 damage)
             ... on level 13 of the Dungeon on Nov 21, 2017.
             The game lasted 01:30:08 (15273 turns).

Gremour the Carver (Gargoyle Fighter)              Turns: 15273, Time: 01:30:09

Health: -3/80      AC: 28    Str: 23    XL:     13   Next: 36%
Magic:  14/20      EV:  7    Int: 11    God:    Qazlal [*****.]
Gold:   173        SH: 25    Dex: 15    Spells: 12/12 levels left

rFire    + + +     SeeInvis .   a - +3 long sword (slice)
rCold    . . .     Gourm    .   y - +2 shield {AC+3}
rNeg     + . .     Faith    .   z - +3 chain mail {rF+}
rPois    ∞         Spirit   .   H - -4 helmet of Pocwumu {rElec rF+} (curse)
rElec    +         Reflect  +   b - +1 cloak
rCorr    .         Harm     .   (no gloves)
MR       .....                  (no boots)
Stlth    ..........             h - +5 amulet of reflection
Regen    0.3/turn               (no ring)
MPRegen  0.2/turn               x - +4 ring of strength

@: about to teleport, protected from physical damage, slowed, repel missiles,
very slow
A: agile 1, clever 1, fire resistance 1, negative energy resistance 1,
electricity resistance, weak 1, unbreathing, petrification resistance, rot
immunity, AC +9
a: Upheaval, Elemental Force, Disaster Area, Renounce Religion


You were on level 13 of the Dungeon.
You worshipped Qazlal.
Qazlal was extremely pleased with you.
You were very full.

You visited 2 branches of the dungeon, and saw 15 of its levels.

You collected 922 gold pieces.
You spent 749 gold pieces at shops.

Inventory:

Hand Weapons
 a - a +3 long sword of slicing (weapon)
 M - a +4 scimitar
Missiles
 s - 4 javelins (quivered)
 K - 16 tomahawks
Armour
 b - a +1 cloak (worn)
 c - a +0 helmet of see invisible
 u - a +0 helmet
 y - a +2 shield of protection (worn)
 z - a +3 chain mail of fire resistance (worn)
 H - the cursed -4 helmet of Pocwumu (worn) {rElec rF+}
   (You bought it in a shop on level 12 of the Dungeon)

   It protects you from fire.
   It insulates you from electricity.
   It has a curse placed upon it.
 J - +0 steam dragon scales
Jewellery
 g - an uncursed amulet of the gourmand
 h - a +5 amulet of reflection (around neck)
 j - an uncursed ring of ice
 o - an uncursed ring of magical power
 x - a +4 ring of strength (right hand)
Wands
 l - a wand of polymorph (11/24)
 q - a wand of lightning (3/15)
 w - a wand of clouds (8/9)
 B - a wand of iceblast (3/15)
 C - a wand of paralysis (15/24)
Scrolls
 d - 2 scrolls of fog
 i - a scroll of identify
 p - 3 scrolls of teleportation
 A - 3 scrolls of blinking
 D - 2 scrolls of magic mapping
 E - 3 scrolls of fear
 G - a scroll of enchant armour
 N - a scroll of recharging
Potions
 e - 2 potions of cancellation
 m - 5 potions of curing
 t - 2 potions of agility
 v - 4 potions of might
 F - a potion of lignification
 I - a potion of brilliance
Comestibles
 f - 8 bread rations
 k - 12 meat rations
 n - 3 fruits
 r - 4 royal jellies
 L - 7 chunks of flesh


   Skills:
 - Level 9.0 Fighting
 - Level 14.0 Long Blades
 + Level 4.6 Throwing
 - Level 8.2 Armour
 - Level 8.0 Shields
 * Level 9.8 Invocations
 + Level 1.3 Evocations


You had 12 spell levels left.
You didn't know any spells.

Dungeon Overview and Level Annotations

Branches:
Dungeon (14/15) Temple (1/1) D:5 Lair (0/6) D:10 Orc (0/2) D:10 Vaults (0/5) D:13 D:14

Altars:
Ashenzari
Cheibriados
Dithmenos
Elyvilon
Fedhas
Gozag
Hepliaklqana
Kikubaaqudgha
Makhleb
Nemelex Xobeh
Okawaru
Qazlal
Ru
Sif Muna
Trog
Uskayaw
Vehumet
Xom
Yredelemnul
Zin
The Shining One
Beogh

Shops:
D:5 :   D:6 *   D:8 }   D:10 (   D:11 }   D:12 [[[?

Portals:
Trove: D:11 (show abyssal rune of Zot)

Annotations:
D:5 necro, geo, flames
D:10 +5 scimitar
D:13 Rupert
D:14 Nessos


Innate Abilities, Weirdness & Mutations

You are resistant to torment.
Your stone body is resilient. (AC +9)
You are immune to poison.
You resist negative energy. (rN+)
You are resistant to electric shocks. (rElec)
You can survive without breathing.
You are immune to petrification.
You are immune to rotting.
You are agile. (Dex +2)
Your mind is acute. (Int +2)
Your flesh is heat resistant. (rF+)
You are weak. (Str -2)


Message History

You kill the worker ant!
Qazlal accepts your kill.
The human is engulfed in freezing vapours.
You block the human's attack. The human barely misses you.
The orc knight is engulfed in blazing flames.
You block the orc knight's attack.
Rupert hits you with a great mace of crushing!
* * * LOW HITPOINT WARNING * * *
x2 Some of the chunks of flesh in your inventory have rotted away.
You feel better. You block the human's attack.
The human is engulfed in freezing vapours.
You kill the human!
Qazlal accepts your kill. Rupert hits you but does no damage.
The orc knight is engulfed in blazing flames.
You block the orc knight's attack. The human closely misses you.
As you read the scroll of teleportation, it crumbles to dust.
You feel strangely unstable.
Rupert hits you with a great mace of crushing!
You die...

#####...........# #.#
....(...........# #.#
#####...........# #.#
# #...........# #.# #
#...........# #.# #
#...........# #.# #
#..........§# #.# #
#.........§§########.#
#
#..........§@@§......#
#
#.........§o.p§......#
#
#..........).§.......#
#
#...........########.#
# #...........# #.# #
#.#######...# #.# #
#.# #...# #.######
#####.# #..>#
#......## ......#
#...# #.####..#


You could see Rupert (berserk), an orc knight and a human.

Vanquished Creatures
  2 centaur warriors (D:13)
  5 two-headed ogres
  A tengu warrior (D:13)
  4 slime creatures
  4 skeletal warriors (D:11)
  An unseen horror (D:12)
  Pikel (D:7)
  2 manticores
  2 ugly things
  2 cyclopes (D:13)
  A centaur zombie (D:13)
  A gargoyle (D:11)
  2 kobold demonologists (D:13)
  4 trolls
  A harpy zombie (D:13)
  A hornet (D:13)
  The ghost of eeldvark the Chopper, an amateur HuWn (D:4)
  3 hippogriffs
  2 shadows (D:11)
  A wyvern (D:13)
  A basilisk (D:11)
  9 yaks
  A wraith (D:13)
  10 humans
  A hungry ghost (D:9)
  2 steam dragons
  8 vampire mosquitoes
  An acid dragon (D:13)
  Edmund (D:4)
  9 orc warriors
  2 porcupines (D:10)
  Duvessa (D:5)
  6 ice beasts
  6 phantoms
  3 black bears
  A sky beast (D:5)
  9 ogres
  6 centaurs
  3 crocodiles (D:10)
  2 big kobolds
  9 bullfrogs
  A wyvern zombie (D:13)
  Dowan (D:5)
  8 scorpions
  2 howler monkeys (D:13)
  6 killer bees (D:12)
  5 wights
  4 crimson imps
  A quasit (D:8)
  2 bullfrog zombies
  3 centaur skeletons
  6 jellies
  9 orc priests
  2 bullfrog skeletons
  7 hounds
  Jessica (D:3)
  Ijyb (D:4)
  4 iguanas
  Natasha (twice) (D:4)
  14 orc wizards
  15 worker ants
  2 hound zombies
  A hound skeleton (D:6)
  A worker ant zombie (D:6)
  16 adders
  9 gnolls
  4 shadow imps
  An ooze (D:4)
  An adder zombie (D:5)
  4 worms
  3 dart slugs
  4 leopard geckos
  82 orcs
  3 ball pythons
  7 giant cockroaches
  9 goblins
  3 hobgoblins
  14 jackals
  9 quokkas
  5 bats
  6 frilled lizards
  A jackal zombie (D:9)
  15 kobolds
  A quokka skeleton (D:9)
  2 quokka zombies
  3 rats
432 creatures vanquished.

Vanquished Creatures (others)
  A centaur (D:13)
  A bullfrog (D:7)
  A bullfrog zombie (D:13)
3 creatures vanquished.

Grand Total: 435 creatures vanquished

Notes
Turn   | Place    | Note
-------+----------+-------------------------------------------
     0 | D:1      | Gremour the Gargoyle Fighter began the quest for the Orb.
     0 | D:1      | Reached XP level 1. HP: 14/14 MP: 1/1
    73 | D:1      | Reached skill level 2 in Long Blades
   115 | D:1      | You fall through a shaft!
   153 | D:2      | Reached XP level 2. HP: 19/19 MP: 2/2
   644 | D:1      | Reached XP level 3. HP: 23/23 MP: 3/3
  1163 | D:2      | Reached skill level 3 in Long Blades
  1268 | D:3      | Reached XP level 4. HP: 18/28 MP: 4/4
  1484 | D:3      | Reached XP level 5. HP: 14/32 MP: 5/5
  1752 | D:3      | Noticed Jessica
  1758 | D:3      | Killed Jessica
  1758 | D:3      | Reached skill level 4 in Long Blades
  2144 | D:3      | Found a faded altar of an unknown god.
  2746 | D:4      | Reached skill level 5 in Long Blades
  2746 | D:4      | Reached XP level 6. HP: 33/37 MP: 6/6
  2762 | D:4      | Noticed Ijyb
  2796 | D:4      | Killed Ijyb
  2890 | D:4      | Noticed eeldvark's ghost (amateur HuWn)
  2961 | D:4      | Killed eeldvark's ghost
  2961 | D:4      | Reached skill level 6 in Long Blades
  2961 | D:4      | Reached XP level 7. HP: 14/41 MP: 7/7
  3412 | D:4      | Noticed Natasha
  3426 | D:4      | Killed Natasha
  3521 | D:4      | Reached skill level 7 in Long Blades
  3593 | D:4      | Noticed Edmund
  4006 | D:4      | Noticed Natasha
  4013 | D:4      | Killed Natasha
  4157 | D:4      | Killed Edmund
  4157 | D:4      | Reached skill level 8 in Long Blades
  4157 | D:4      | Reached XP level 8. HP: 33/46 MP: 8/8
  4245 | D:5      | Entered Level 5 of the Dungeon
  4400 | D:5      | Found a staircase to the Ecumenical Temple.
  4409 | Temple   | Entered the Ecumenical Temple
  4424 | Temple   | Became a worshipper of Qazlal Stormbringer
  4971 | D:5      | Found Teabug's Book Boutique.
  5210 | D:5      | Noticed Duvessa
  5210 | D:5      | Noticed Dowan
  5223 | D:5      | Killed Dowan
  5241 | D:5      | Killed Duvessa
  5241 | D:5      | Reached skill level 5 in Shields
  5782 | D:5      | Reached skill level 9 in Long Blades
  5816 | D:5      | Reached * piety under Qazlal
  5867 | D:5      | Gained mutation: Your flesh is heat resistant. (rF+) [mutagenic meat]
  5868 | D:5      | Gained mutation: Your flesh is cold resistant. (rC+) [mutagenic meat]
  5869 | D:5      | Gained mutation: You are frail. (-10% HP) [mutagenic meat]
  5944 | D:6      | Found Maosiqeo's Assorted Antiques.
  6004 | D:6      | Reached XP level 9. HP: 36/45 MP: 9/9
  6349 | D:6      | Reached skill level 10 in Long Blades
  6737 | D:7      | Noticed Pikel
  6753 | D:7      | Killed Pikel
  6753 | D:7      | Reached skill level 5 in Fighting
  7023 | D:7      | Reached skill level 11 in Long Blades
  7396 | D:7      | Reached XP level 10. HP: 45/54 MP: 10/10
  7984 | D:8      | Reached ** piety under Qazlal
  8038 | D:8      | You fall through a shaft!
  8885 | D:8      | Noticed a two-headed ogre
  8892 | D:8      | Killed a two-headed ogre
  8892 | D:8      | Reached skill level 12 in Long Blades
  8918 | D:8      | Found Rapyt's Gadget Shoppe.
  9011 | D:8      | Noticed a two-headed ogre
  9067 | D:8      | Killed a two-headed ogre
  9346 | D:8      | Reached XP level 11. HP: 63/63 MP: 11/11
  9470 | D:8      | Reached *** piety under Qazlal
  9684 | D:8      | Reached skill level 1 in Throwing
  9956 | D:10     | Entered Level 10 of the Dungeon
 10037 | D:10     | Found a staircase to the Lair.
 10076 | D:10     | Noticed a manticore
 10083 | D:10     | Killed a manticore
 10301 | D:10     | Found Niyler's Weapon Shoppe.
 10381 | D:10     | Reached skill level 13 in Long Blades
 10385 | D:10     | Reached **** piety under Qazlal
 10399 | D:10     | Reached skill level 5 in Armour
 10584 | D:10     | Noticed a two-headed ogre
 10601 | D:10     | Killed a two-headed ogre
 10991 | D:10     | Found a roughly hewn altar of Beogh.
 11146 | D:10     | Found a staircase to the Orcish Mines.
 11191 | D:11     | Found Zisuje's Gadget Shop.
 11561 | D:11     | Noticed a purple ugly thing
 11569 | D:11     | Killed a purple ugly thing
 11598 | D:11     | Noticed a skeletal warrior
 11599 | D:11     | Noticed a skeletal warrior
 11600 | D:11     | Noticed a skeletal warrior
 11600 | D:11     | Noticed a skeletal warrior
 11951 | D:11     | Reached ***** piety under Qazlal
 11988 | D:11     | Killed a skeletal warrior
 12355 | D:11     | Killed a skeletal warrior
 12355 | D:11     | Reached XP level 12. HP: 62/68 MP: 12/12
 12643 | D:11     | Found a portal to a secret trove of treasure.
 12796 | D:12     | Lost mutation: Your flesh is cold resistant. (rC+) [potion of mutation]
 12796 | D:12     | Gained mutation: Your mind is acute. (Int +2) [potion of mutation]
 12796 | D:12     | Lost mutation: You are frail. (-10% HP) [potion of mutation]
 12796 | D:12     | Gained mutation: You are agile. (Dex +2) [potion of mutation]
 12877 | D:12     | Found Zoddy's Armour Shop.
 12903 | D:12     | Bought a +1 cloak for 138 gold pieces
 13134 | D:12     | Found Giptefos's Antique Armour Shop.
 13137 | D:12     | Bought a shiny shield for 187 gold pieces
 13137 | D:12     | Bought a slimy helmet for 237 gold pieces
 13148 | D:12     | Identified the cursed -4 helmet of Pocwumu {rElec rF+} (You bought it in a shop on level 12 of the Dungeon)
 13166 | D:12     | Bought a runed helmet for 187 gold pieces
 13293 | D:12     | Found Tyonuux's Antique Armour Shop.
 13331 | D:12     | Found Tues's Magic Scroll Shoppe.
 14103 | D:12     | Noticed a seven-headed hydra
 14296 | D:13     | Reached skill level 14 in Long Blades
 14372 | D:13     | Reached skill level 1 in Invocations
 14409 | D:13     | Noticed a tengu warrior
 14429 | D:13     | Killed a tengu warrior
 14911 | D:13     | Reached skill level 5 in Invocations
 14940 | D:13     | Noticed a centaur warrior
 14944 | D:13     | Killed a centaur warrior
 14965 | D:13     | Reached XP level 13. HP: 80/80 MP: 16/18
 14970 | D:13     | Reached skill level 1 in Evocations
 15086 | D:13     | Gained mutation: You are weak. (Str -2) [mutagenic meat]
 15260 | D:14     | Found a gate to the Vaults.
 15260 | D:14     | Noticed Rupert
 15260 | D:14     | Noticed Nessos
 15273 | D:13     | Slain by Rupert

Skill      XL: |  1  2  3  4  5  6  7  8  9 10 11 12 13 |
---------------+----------------------------------------+-----
Long Blades    | 2 3 5 6 8 9 11 12 13 14 | 14.0
Shields        | 4 5 8 |  8.0
Fighting       | 6 9 |  9.0
Throwing       | 3 4 |  4.6
Armour         | 6 8 |  8.2
Invocations    | 6 9 |  9.8
Evocations     | 1 |  1.3

Action                   |  1- 3 |  4- 6 |  7- 9 | 10-12 | 13-15 || total
-------------------------+-------+-------+-------+-------+-------++-------
Melee: Long sword        |   107 |   272 |   397 |   430 |   107 ||  1313
       Scimitar          |       |       |    84 |   455 |       ||   539
Throw: Javelin           |       |     5 |    13 |     7 |       ||    25
Invok: Disaster Area     |       |       |       |       |     1 ||     1
Evoke: Wand              |       |       |       |     2 |       ||     2
  Use: Potion            |       |     3 |     4 |    11 |     1 ||    19
       Scroll            |       |       |    13 |    12 |     1 ||    26
 Stab: Invisible         |       |       |       |     4 |       ||     4
  Eat: Chunk             |     1 |     5 |    16 |    39 |    17 ||    78
       Fruit             |       |     2 |     1 |       |       ||     3
Armor: Scale mail        |    62 |    21 |       |       |       ||    83
       Robe              |       |   104 |    30 |       |       ||   134
       Chain mail        |       |       |   200 |   257 |    56 ||   513
Dodge: Dodged            |    30 |    80 |    94 |   104 |    13 ||   321
Block: Shield            |    55 |   135 |   230 |   579 |    94 ||  1093
       Reflection        |       |       |       |     6 |     2 ||     8
       Rpst.: Long sword |    10 |    22 |    33 |    13 |     3 ||    81
       Scimitar          |       |       |     2 |    17 |       ||    19
